cohdb
Replays
Latest Replays
All Replays
Popular Replays
Top Player Replays
Match Explorer
How It Works
Community
CoH3 Stats
Reddit
Sign in to upload your games and track your stats! →
Sign in with Steam
Match 45537970
Unlisted
Match 45537970
Overview
Messages
Build Orders
End
Royal Engineer Section
Selects Heavy Armor Battlegroup
Construct Section Command Post
Dingo Light Scout Car
Infantry Section
Infantry Section
Infantry Section
Selects Rigorous Vehicle Training
Construct Platoon Command Post
Humber Armored Car
CMP 15cwt Truck
Infantry Training
6-pounder Anti-tank Gun Team
Selects Forward Repair Assembly
Construct Company Command Post
CMP 15cwt Truck
Construct Company Command Post
Crusader II Medium Tank
Grenade Package
6-pounder Anti-tank Gun Team
Matilda II Heavy Tank
Armored Vehicle Training
Team Weapon Training
Skeng.Tecnica.International
Rather Splendid Cromwell
Toad in a Sandwich
FloofieDog
Victor #52
John Bigby
Mutzelmen
Szym00
0
0
Comments
sign in to comment!
No comments posted yet!